 Dungeon Crawl Stone Soup version 0.31-a0-868-g674d60d6f7 (webtiles) character file.

Game seed: 3882080869627560127

105 IdlyInterested the Conjurer (level 4, -5/34 HPs)
             Began as a Demonspawn Wanderer on Oct 11, 2023.
             Killed by nerve-wracking pain
             ... invoked by a shadow imp
              (6 damage)
             ... on level 3 of the Dungeon.
             The game lasted 00:10:08 (2699 turns).

IdlyInterested the Conjurer (Demonspawn Wanderer)   Turns: 2699, Time: 00:10:09

Health: -5/34      AC:  5    Str: 11    XL:     4   Next: 54%
Magic:  7/7        EV: 13    Int: 18    God:
Gold:   151        SH:  0    Dex: 11    Spells: 4/7 levels left

rFire   . . .        b - +0 short sword (elec)
rCold   . . .        (no shield)
rNeg    . . .        n - +0 leather armour
rPois   .            (no helmet)
rElec   .            (no cloak)
rCorr   .            (no gloves)
SInv    .            d - +1 pair of boots
Will    .....        (no amulet)
Stlth   +            e - ring of wizardry
HPRegen 0.25/turn    (no ring)
MPRegen 0.10/turn

%: wizardry (x1)
@: very slightly contaminated
A: repulsion field 1, foul stench 1, powered by pain 1
a: no special abilities


You were on level 3 of the Dungeon.
You visited 1 branch of the dungeon, and saw 3 of its levels.

You collected 151 gold pieces.

Inventory:

Hand Weapons
 a - a +1 vampiric dagger
 b - a +0 short sword of electrocution (weapon)
 g - a +0 short sword
 i - a +0 dagger
 j - a +0 rapier
 l - a +0 hand axe
 m - a +0 trident
Missiles
 k - 17 stones (quivered)
 o - 4 poisoned darts
Armour
 c - a +0 robe
 d - a +1 pair of boots (worn)
 n - a +0 leather armour (worn)
 p - a +0 plate armour
Jewellery
 e - a ring of wizardry (left hand)
Wands
 r - a wand of mindburst (8)
Scrolls
 f - 3 scrolls of enchant armour
 h - a scroll of fog
Potions
 q - a potion of resistance {unknown}


   Skills:
 * Level 2.7 Fighting
 - Level 1.0 Throwing
 - Level 1.0 Armour
 - Level 2.0 Dodging
 - Level 1.0 Stealth
 - Level 2.0 Spellcasting
 - Level 4.0 Conjurations
 + Level 0.8 Fire Magic
 - Level 1.0 Ice Magic
 - Level 1.0 Evocations


You had 4 spell levels left.
You knew the following spells:

 Your Spells              Type           Power      Damage    Failure   Level
a - Searing Ray           Conj           32%        2d5       2%          2
b - Foxfire               Conj/Fire      40%        2x1d6     3%          1

Your spell library contained the following spells:

 Spells                   Type           Power      Damage    Failure   Level
 Shock                    Conj/Air       36%        1d5       4%          1
 Freeze                   Ice            20%        1d4       6%          1
 Apportation              Tloc           2%         N/A       10%         1
 Necrotise                Necr           4%         1d4       10%         1
 Summon Small Mammal      Summ           4%         N/A       10%         1
 Frozen Ramparts          Ice            10%        1d2       19%         3
 Gell's Gravitas          Tloc           1%         N/A       26%         3
 Teleport Other           Tloc           1%         N/A       26%         3
 Dispersal                Tloc           0%         N/A       100%        6


Dungeon Overview and Level Annotations

Branches:
Dungeon (3/15)

Altars:

Annotations:
D:3 1 transporter


Innate Abilities, Weirdness & Mutations

You are surrounded by a mild repulsion field. (EV +2)
You may rarely emit foul miasma when damaged in melee.
You sometimes gain a little power by taking damage.


Message History

You hit the kobold but do no damage.
The kobold is severely wounded.
The kobold hits you with a +0 whip.
You hit the kobold.
You kill the kobold!
You hit the hobgoblin.
The hobgoblin is severely wounded.
The hobgoblin closely misses you.
You hit the hobgoblin.
You kill the hobgoblin!
You see here a +0 whip.
Found a copper wand.
The shadow imp shouts! x3
The shadow imp shouts, "Scamper home, thou tottering fool-headed bugbear!"
There is a transporter here.
You enter the transporter and appear at another place.
The orc priest shouts! x2
r - a wand of mindburst (8)
You open the door.
The orc priest mumbles some strange prayers to Beogh against you.
Pain shoots through your body!
The orc priest mumbles some strange prayers to Beogh against you.
Beogh smites you!
There is an open door here.
The orc priest casts a cantrip, but nothing happens.
Casting: Foxfire (safe; 3% risk of failure)
Confirm with . or Enter, or press ? or * to list all spells.
You miscast Foxfire.
You are very lightly contaminated with residual magic.
Nothing appears to happen.
Casting: Foxfire (safe; 3% risk of failure)
Confirm with . or Enter, or press ? or * to list all spells.
You conjure some foxfire!
The orc priest calls down the wrath of Beogh upon you.
Beogh smites you!
* * * LOW HITPOINT WARNING * * *
You focus on the pain.
You feel your power returning. The shadow imp gestures at you.
Pain shoots through your body!
You die...

........###.#~..(..P#.#
..........#.####+####.#
.......##.#.#.≈...≈.#.#
#####.....#.#.≈...≈.#.#
#######.#.≈~P~≈.#.#
#.#.≈P♣~≈.#.#
#.#.≈~~~≈o#.#
#.#o≈v..≈5#.#
#.#5≈v@.≈5#.#
#.####'####.#
#.#P.....P#.#
#.#8P.©.P8#.#
#.#########.#
#.....©.....#
###############...#####
..............#..##
#############...##


You could see 2 orc priests and 3 shadow imps.

Vanquished Creatures
  An orc priest (D:3)
  An adder (D:3)
  3 dart slugs (D:1)
  5 orcs (D:3)
  3 endoplasms
  6 giant cockroaches
  6 goblins
  4 hobgoblins
  10 kobolds
  7 ball pythons
  3 bats
  7 rats
56 creatures vanquished.

Vanquished Creatures (others)
  6 foxfires (D:3)
6 creatures vanquished.

Grand Total: 62 creatures vanquished

Notes
Turn   | Place    | Note
-------+----------+-------------------------------------------
     0 | D:1      | IdlyInterested the Demonspawn Wanderer began the quest for
                  | the Orb.
     0 | D:1      | IdlyInterested set off with the following items: a +0 club,
                  | a potion of heal wounds, a +0 robe, a +0 pair of boots; and
                  | the following spells available to memorise: Searing Ray,
                  | Foxfire, Shock, Freeze, Frozen Ramparts.
     0 | D:1      | Reached XP level 1. HP: 13/13 MP: 2/2
   103 | D:1      | Found a faded altar of an unknown god.
   131 | D:1      | Reached skill level 1 in Fighting
   194 | D:1      | Gained mutation: You are surrounded by a mild repulsion
                  | field. (EV +2) [demonic ancestry]
   194 | D:1      | Reached XP level 2. HP: 12/21 MP: 3/3
   508 | D:1      | Reached skill level 1 in Armour
   529 | D:1      | Gained mutation: You may rarely emit foul miasma when
                  | damaged in melee. [demonic ancestry]
   529 | D:1      | Reached XP level 3. HP: 24/27 MP: 4/4
   961 | D:1      | Learned a level 2 spell: Searing Ray
  2019 | D:3      | Found a transporter.
  2053 | D:2      | Learned a level 1 spell: Foxfire
  2236 | D:3      | Reached skill level 1 in Throwing
  2269 | D:3      | Gained mutation: You sometimes gain a little power by
                  | taking damage. [demonic ancestry]
  2269 | D:3      | Reached XP level 4. HP: 9/34 MP: 5/7
  2672 | D:3      | Found a transporter.
  2699 | D:3      | HP: 1/34 [orc priest/divine providence (13)]
  2699 | D:3      | Killed from afar by a shadow imp

Illustrated notes

Levels and vault maps discovered:
D:1:      amcnicky_arrival_abandoned_market, layout_basic,
          shapermc_ecumenical_altar_starsandcircs
D:2:      layout_basic
D:3:      gammafunk_wand_slinger, layout_basic, minmay_statues_item,
          st_stairs_13

Skill      XL: |  1  2  3 |
---------------+----------+-----
Dodging        | 2 |  2.0
Fighting       | 1 2 |  2.7
Armour         | 1 |  1.0
Spellcasting   | 2 |  2.0
Throwing       | 1 |  1.0
Stealth        | |  1.0
Conjurations   | |  4.0
Fire Magic     | |  0.8
Ice Magic      | |  1.0
Evocations     | |  1.0

Action                     |  1- 3 |  4- 6 || total
---------------------------+-------+-------++-------
  Melee: Club              |    32 |       ||    32
         Short sword       |    92 |    31 ||   123
         Dagger            |    40 |       ||    40
         Rapier            |    18 |       ||    18
  Throw: Stone             |       |     4 ||     4
   Cast: Foxfire           |     1 |     4 ||     5
         Searing Ray       |     1 |       ||     1
    Use: Potion            |     1 |       ||     1
         Scroll            |     3 |       ||     3
   Stab: Sleeping          |     2 |       ||     2
 Armour: Robe              |    86 |       ||    86
         Leather armour    |    21 |    11 ||    32
  Dodge: Dodged            |   111 |    15 ||   126

Table legend: (Time is in decaauts)
 A = Elapsed time spent in this place.
 B = Non-inter-level travel time spent in this place.
 C = Inter-level travel time spent in this place.
 D = Time resting spent in this place.
 E = Time spent auto-exploring this place.
 F = Levels seen in this place.
 G = Mean time per level.
                   A        B        C        D        E       F      G
               +--------+--------+--------+--------+--------+-----+--------+
         Total |   2711 |   2486 |    225 |    289 |   1553 |   3 |  903.7 |
       Dungeon |   2711 |   2486 |    225 |    289 |   1553 |   3 |  903.7 |
               +--------+--------+--------+--------+--------+-----+--------+

Top non-repeatable levels by time:
     D:1: 1020 daAuts
     D:2: 1004 daAuts
     D:3: 686 daAuts
